 Dungeon Crawl Stone Soup version 0.29.1-1-gd02db6906a (webtiles) character file.

Game seed: 16988339299790895703

28 dave1331 the Trooper (level 2, -1/25 HPs)
             Began as a Palentonga Fighter on Oct 2, 2022.
             Slain by an endoplasm (2 damage)
             ... on level 2 of the Dungeon.
             The game lasted 00:02:24 (1713 turns).

dave1331 the Trooper (Palentonga Fighter)           Turns: 1713, Time: 00:02:25

Health: -1/25      AC:  6    Str: 21    XL:     2   Next: 96%
Magic:  2/2        EV:  7    Int:  8    God:
Gold:   51         SH:  4    Dex:  9    Spells: 1/1 levels left

rFire   . . .      SeeInvis +   a - +0 long sword
rCold   . . .      Faith    .   c - +0 buckler
rNeg    . . .      Spirit   .   b - +0 scale mail
rPois   .          Reflect  .   (no helmet)
rElec   .          Harm     .   (no cloak)
rCorr   .          Rampage  .   (no gloves)
Will    .....                   (no barding)
Stlth   ..........              (no amulet)
HPRegen 0.08/turn               (no ring)
MPRegen 0.08/turn               (no ring)

@: no status effects
A: large, rugged brown scales 3, see invisible, deformed body, roll 1, armoured
tail
a: Rolling Charge


You were on level 2 of the Dungeon.
You visited 1 branch of the dungeon, and saw 2 of its levels.

You collected 51 gold pieces.

Inventory:

Hand Weapons
 a - a +0 long sword (weapon)
Armour
 b - a +0 scale mail (worn)
 c - a +0 buckler (worn)
Jewellery
 h - an amulet of magic regeneration
Scrolls
 e - 3 scrolls of identify {unknown}
 f - a scroll of poison {unknown}
 g - a scroll of teleportation {unknown}
 j - a scroll of enchant armour {unknown}
Potions
 d - a potion of might
 i - a potion of berserk rage {unknown}


   Skills:
 + Level 3.1 Fighting
 + Level 2.3 Long Blades
 + Level 2.8 Armour
 + Level 3.0 Shields


You had one spell level left.
You didn't know any spells.
Your spell library contained the following spells:

 Spells                   Type           Power      Damage    Failure   Level
 Freeze                   Ice            0%         1d3       83%         1
 Frozen Ramparts          Ice            0%         1d1       99%         3
 Hailstorm                Conj/Ice       0%         3d3       100%        4


Dungeon Overview and Level Annotations

Branches:
Dungeon (2/15)

Altars:


Innate Abilities, Weirdness & Mutations

You are completely covered in rugged brown scales. (AC +3, +7% HP)
You have supernaturally acute eyesight. (SInv)
Armour fits poorly on your strangely shaped body.
You can roll at nearby foes to attack.
You have a long armoured tail.


Message History

Your tail-slap misses the giant cockroach.
The giant cockroach is almost dead.
The giant cockroach barely misses you. You block the giant cockroach's attack.
You closely miss the giant cockroach.
Your tail-slap misses the giant cockroach.
The giant cockroach is almost dead.
The giant cockroach barely misses you.
You closely miss the giant cockroach. You tail-slap the giant cockroach.
You kill the giant cockroach!
You see here a giant cockroach corpse.
Found a stone staircase leading down.
There is a stone staircase leading down here.
A worm comes into view.
An endoplasm comes into view.
The endoplasm quivers.
The worm bites you but does no damage.
The endoplasm hits you but does no damage.
You hit the endoplasm. You tail-slap the endoplasm.
The endoplasm is moderately wounded.
You block the endoplasm's attack.
You hit the endoplasm but do no damage.
The endoplasm is moderately wounded.
You block the endoplasm's attack.
You hit the endoplasm.
The endoplasm is heavily wounded.
The endoplasm barely misses you. The worm bites you.
The endoplasm hits you but does no damage.
You hit the endoplasm.
The endoplasm is heavily wounded.
The endoplasm freezes you.
You are frozen.
The worm bites you.
You hit the endoplasm but do no damage.
The endoplasm is heavily wounded.
The endoplasm hits you.
You hit the endoplasm but do no damage.
The endoplasm is heavily wounded.
The endoplasm hits you. The worm bites you!
* * * LOW HITPOINT WARNING * * *
The endoplasm hits you.
You die...

... #.#......
....###.##.######†
#.....#.##.# #.
######....#.##.# ###.
######.
..........#.##.####...
.......
...........##.##...#.
......_
..........##.#..###.
.......
#######......##...##
#. .#####.
#.....@J.......>### ##
.#.####
###....w#########
.†....## ...........
.#.#...##...#.....###
#
.#.#....##.##########
#
.#.#.....#..........#
#
##.#.###########....#
####### #.#.#
#......##....# #......
##.#.###.####.##....#
#......


You could see a worm and an endoplasm.

Vanquished Creatures
  A dart slug (D:2)
  A bat (D:2)
  An endoplasm (D:1)
  3 giant cockroaches
  A goblin (D:2)
  3 hobgoblins
  5 kobolds
  A quokka (D:1)
  3 ball pythons (D:1)
  2 frilled lizards
  2 rats
23 creatures vanquished.

Notes
Turn   | Place    | Note
-------+----------+-------------------------------------------
     0 | D:1      | dave1331 the Palentonga Fighter began the quest for the
                  | Orb.
     0 | D:1      | Reached XP level 1. HP: 19/19 MP: 1/1
   177 | D:1      | Reached XP level 2. HP: 14/25 MP: 2/2
  1195 | D:2      | Found a faded altar of an unknown god.
  1713 | D:2      | HP: 1/25 [worm (9)]
  1713 | D:2      | Slain by an endoplasm

Illustrated notes

Levels and vault maps discovered:
D:1:      eino_arrival_water_cross, layout_basic, minmay_misc_feat_x
D:2:      layout_basic, hellmonk_ecumenical_altar_crossroads

Skill      XL: |  1  2 |
---------------+-------+-----
Shields        | 3 |  3.0
Fighting       | |  3.1
Long Blades    | |  2.3
Armour         | |  2.8

Action                   || total
-------------------------++-------
Melee: Long sword        ||    74
       Tailslap          ||    10
Armor: Scale mail        ||    48
Dodge: Dodged            ||    24
Block: Buckler           ||    13
